 Dungeon Crawl Stone Soup version 0.24.0-37-gcf1ca852f1 (webtiles) character file.

Game seed: 6428299079517798227, levelgen mode: deterministic

344 Delamore the Cleaver (level 6, -2/51 HPs)
             Began as a Hill Orc Fighter on Nov 25, 2019.
             Slain by Grinder (7 damage)
             ... while paralysed by Grinder
             ... on level 4 of the Dungeon.
             The game lasted 00:03:21 (2995 turns).

Delamore the Cleaver (Hill Orc Fighter)             Turns: 2995, Time: 00:03:21

Health: -2/51      AC:  8    Str: 21    XL:     6   Next: 58%
Magic:  6/6        EV:  2    Int:  8    God:
Gold:   167        SH:  0    Dex: 10    Spells: 5/5 levels left

rFire    . . .     SeeInvis .   a - +0 war axe
rCold    . . .     Gourm    .   c - +0 shield
rNeg     . . .     Faith    .   b - +0 scale mail
rPois    .         Spirit   .   (no helmet)
rElec    .         Reflect  +   (no cloak)
rCorr    .         Harm     .   q - +0 pair of gloves
MR       .....                  (no boots)
Stlth    ..........             p - +2 amulet of reflection
HPRegen  0.17/turn              (no ring)
MPRegen  0.10/turn              (no ring)

@: paralysed
A: no striking features
a: no special abilities


You were on level 4 of the Dungeon.
You were not hungry.

You visited 1 branch of the dungeon, and saw 4 of its levels.

You collected 167 gold pieces.

Inventory:

Hand Weapons
 a - a +0 war axe (weapon)
Missiles
 u - 5 boomerangs (quivered)
Armour
 b - a +0 scale mail (worn)
 c - a +0 shield (worn)
 q - a +0 pair of gloves (worn)
Jewellery
 p - a +2 amulet of reflection (around neck)
 x - a +5 ring of intelligence {unknown}
Scrolls
 h - 3 scrolls of remove curse {unknown}
 i - 2 scrolls of enchant armour {unknown}
 j - a scroll of amnesia {unknown}
 k - a scroll of magic mapping {unknown}
 l - 2 scrolls of teleportation {unknown}
 m - a scroll of noise {unknown}
 r - 7 scrolls of identify {unknown}
 v - a scroll of blinking {unknown}
Potions
 d - a potion of might
 e - a potion of ambrosia {unknown}
 g - 2 potions of brilliance {unknown}
 n - a potion of invisibility {unknown}
 o - 3 potions of curing
 s - a potion of agility {unknown}
 t - 3 potions of mutation {unknown}
 w - a potion of lignification {unknown}
Comestibles
 f - 12 rations


   Skills:
 - Level 3.6 Fighting
 + Level 9.0 Axes
 - Level 3.2 Armour
 - Level 3.2 Shields


You had 5 spell levels left.
You didn't know any spells.
Your spell library contained the following spells:

 Spells                   Type           Power        Failure   Level  Hunger
 Beastly Appendage        Tmut           #.....       99%         1    ##.....
 Sticks to Snakes         Tmut           #.......     100%        2    ###....
 Spider Form              Tmut/Pois      #.........   100%        3    ####...
 Ice Form                 Ice/Tmut       #.......     100%        4    #####..
 Blade Hands              Tmut           #.........   100%        5    ######.


Dungeon Overview and Level Annotations

Branches:
Dungeon (4/15)
 Temple: D:4-7

Altars:
Ashenzari
Makhleb
Xom

Annotations:
D:4 Grinder


Message History

Really attack unarmed?
Okay, then.
Okay, then.
a - a +0 war axe (weapon)
You hit Grinder.
Grinder is heavily wounded.
Grinder hits you but does no damage. x2
You slash Grinder!
Grinder is severely wounded.
Grinder hits you.
* * * LOW HITPOINT WARNING * * *
You writhe in agony.
* * * LOW HITPOINT WARNING * * *
You slash Grinder!
Grinder is almost dead.
Grinder gestures at you.
You suddenly lose the ability to move!
Grinder hits you but does no damage. Grinder hits you!
You die...

#########.....####'##'###'#####
#.....#.....#.......#..
#.....#.....#.......#..
#.....#.....#..)....#..
#.....#.....#.......#..
#.....#+#####......##'#
##.........##......#...
+.........#.......#...
#....@....#.......#...
#....5....#.......#...
#.........#.......#...
#.........#.......#...
#.........#.......#...
#.........#'#######...
#######+#...........#
#....รท......+ #...........#


You could see Grinder.

Vanquished Creatures
  A black bear (D:3)
  Jessica (D:3)
  Natasha (D:3)
  An iguana (D:4)
  A worker ant (D:4)
  9 adders
  An ooze (D:2)
  An adder skeleton (D:4)
  2 worms (D:2)
  A dart slug (D:1)
  A leopard gecko (D:3)
  2 giant cockroaches
  6 goblins
  7 hobgoblins
  3 jackals (D:4)
  4 quokkas
  2 ball pythons
  4 bats
  6 frilled lizards
  A jackal skeleton (D:4)
  6 kobolds
  A quokka skeleton (D:4)
  7 rats
69 creatures vanquished.

Vanquished Creatures (others)
  A goblin (D:3)
  A kobold (D:3)
2 creatures vanquished.

Grand Total: 71 creatures vanquished

Notes
Turn   | Place    | Note
-------+----------+-------------------------------------------
     0 | D:1      | Delamore the Hill Orc Fighter began the quest for the Orb.
     0 | D:1      | Reached XP level 1. HP: 19/19 MP: 1/1
    58 | D:1      | Reached skill level 3 in Axes
   129 | D:1      | Reached XP level 2. HP: 26/26 MP: 2/2
   307 | D:1      | Reached skill level 4 in Axes
   589 | D:1      | Reached XP level 3. HP: 11/31 MP: 3/3
   804 | D:1      | Reached skill level 5 in Axes
  1170 | D:2      | Found a shattered altar of Ashenzari.
  1195 | D:2      | Reached XP level 4. HP: 39/39 MP: 4/4
  1381 | D:2      | Reached skill level 6 in Axes
  1645 | D:3      | Noticed Jessica
  1655 | D:3      | Killed Jessica
  1655 | D:3      | Reached XP level 5. HP: 43/45 MP: 5/5
  1759 | D:3      | Noticed a black bear
  1770 | D:3      | Killed a black bear
  1770 | D:3      | Reached skill level 7 in Axes
  2146 | D:3      | Reached skill level 8 in Axes
  2169 | D:3      | Reached XP level 6. HP: 50/51 MP: 6/6
  2450 | D:3      | Noticed Natasha
  2456 | D:3      | Killed Natasha
  2810 | D:4      | Found a shimmering altar of Xom.
  2828 | D:4      | Found a burning altar of Makhleb.
  2950 | D:4      | Noticed Grinder
  2961 | D:4      | Reached skill level 9 in Axes
  2961 | D:4      | Paralysed by Grinder for 2 turns
  2975 | D:4      | Paralysed by Grinder for 5 turns
  2982 | D:4      | Paralysed by Grinder for 7 turns
  2988 | D:4      | HP: 2/51 [Grinder (5)]
  2993 | D:4      | Paralysed by Grinder for 4 turns
  2995 | D:4      | Slain by Grinder

Levels and vault maps discovered:
D:1:      lightli_arrival_isolated_outpost, layout_rooms
D:2:      layout_rooms, lemuel_round_altar, minivault_27, st_stairs_11,
          chequers_jeans
D:3:      layout_loops_ring, minivault_24, uniq_natasha, uniq_jessica
D:4:      layout_gridville, lemuel_round_altar, nicolae_overflow_hidden_temple,
          first_ration, minmay_misc_feat_room, minmay_ruptured, uniq_edmund,
          uniq_grinder, uniq_eustachio

Skill      XL: |  1  2  3  4  5  6 |
---------------+-------------------+-----
Axes           | 3 4 5 6 8 9 |  9.0
Fighting       | |  3.6
Armour         | |  3.2
Shields        | |  3.2

Action                   |  1- 3 |  4- 6 || total
-------------------------+-------+-------++-------
Melee: War axe           |    89 |   119 ||   208
Throw: Boomerang         |       |    12 ||    12
  Use: Potion            |       |     1 ||     1
  Eat: Chunk             |     1 |     6 ||     7
Armor: Scale mail        |    36 |    50 ||    86
Dodge: Dodged            |    29 |    29 ||    58
Block: Shield            |    81 |    71 ||   152
       Reflection        |     4 |     5 ||     9
